 Dungeon Crawl Stone Soup version 0.19.1-1-g22dce08 (webtiles) character file.

1026 TryAgain the Chiller (level 8, 0/52 HPs)
             Began as a Demonspawn Ice Elementalist on Jan 20, 2017.
             Was a Follower of Sif Muna.
             Slain by an orc warrior
             ... wielding a +0 scimitar
              (10 damage)
             ... on level 7 of the Dungeon.
             The game lasted 00:24:54 (4492 turns).

TryAgain the Chiller (Demonspawn Ice Elementalist)  Turns: 4492, Time: 00:24:55

Health: 0/52       AC:  7    Str: 15    XL:     8   Next: 2%
Magic:  16/16      EV: 15    Int: 23    God:    Sif Muna [*.....]
Gold:   235        SH:  0    Dex: 14    Spells: 3 memorised, 9 levels left

rFire  + + .     SeeInvis .     g - +0 spear
rCold  + . .     Gourm    .     o - +0 robe
rNeg   . . .     Faith    .     (no shield)
rPois  +         Spirit   .     v - +0 helmet
rElec  +         Reflect  .     (no cloak)
rCorr  +         Harm     .     (no gloves)
MR     .....     Clarity  +     j - +1 pair of boots
Stlth  +.........               d - amulet of magic regeneration
                                y - +6 ring of slaying
                                h - +4 ring of intelligence

@: confused, mighty, resistant, very slightly contaminated
A: claws 1, molten scales 1, clarity, fire resistance 1, powered by death 1,
strong 1
a: Divine Energy, Renounce Religion


You were on level 7 of the Dungeon.
You worshipped Sif Muna.
Sif Muna was aware of your devotion.
You were not hungry.

You visited 2 branches of the dungeon, and saw 7 of its levels.

You collected 235 gold pieces.

Inventory:

Hand Weapons
 g - a +0 spear (weapon)
Armour
 j - a +1 pair of boots (worn)
 o - a +0 robe (worn)
 q - a +0 leather armour
 v - a +0 helmet (worn)
Jewellery
 d - an amulet of magic regeneration (around neck)
 h - a +4 ring of intelligence (left claw)
 t - an uncursed amulet of magic regeneration
 y - a +6 ring of slaying (right claw)
 z - a +4 amulet of reflection {unknown}
Wands
 k - a wand of acid (6/15)
 w - a wand of random effects (24/48)
Scrolls
 u - 2 scrolls of remove curse
 x - a scroll of recharging
Potions
 a - 2 potions of flight
 e - a potion of might
 l - 3 potions of brilliance
 p - a potion of berserk rage {unknown}
 r - a potion of lignification {unknown}
Books
 b - a book of Frost

   Spells                             Type                      Level
   a - Freeze                         Ice                          1
   b - Throw Frost                    Conjuration/Ice              2
   c - Ozocubu's Armour               Charms/Ice                   3
   d - Throw Icicle                   Conjuration/Ice              4
   e - Summon Ice Beast               Ice/Summoning                4
Comestibles
 c - 6 bread rations
 i - 3 meat rations


   Skills:
 + Level 5.1 Dodging
 - Level 1.7 Stealth
 + Level 5.4 Spellcasting
   Level 1.0 Conjurations
 + Level 5.4 Ice Magic


You had 9 spell levels left.
You knew the following spells:

 Your Spells              Type           Power        Failure   Level  Hunger
a - Freeze                Ice            ####         1%          1    None
b - Summon Ice Beast      Ice/Summ       ###.....     30%         4    ####...
c - Ozocubu's Armour      Chrm/Ice       ###.....     10%         3    ##.....


Dungeon Overview and Level Annotations

Branches:
Dungeon (5/15)             Temple (1/1) D:5

Altars:
Dithmenos
Hepliaklqana
Nemelex Xobeh
Okawaru
Sif Muna
Trog
Xom
Yredelemnul
Zin
The Shining One

Shops:
D:4 }   D:5 *

Annotations:
D:2 Sigmund


Innate Abilities, Weirdness & Mutations

You have sharp fingernails.
You are partially covered in molten scales. (AC +2)
You regenerate a little health from kills.
You possess an exceptional clarity of mind.
Your flesh is heat resistant. (rF+)
Your muscles are strong. (Str +2)


Message History

* * * LOW HITPOINT WARNING * * *
It was a potion of might.
You feel very mighty all of a sudden.
The orc wizard looks satisfied for a moment.
The orc warrior barely misses you.
It was a potion of resistance.
You feel protected. The orc warrior barely misses you.
It was a potion of ambrosia.
You are confused.
You feel invigorated.
The orc warrior hits you with a scimitar.
* * * LOW HITPOINT WARNING * * *
A scorpion comes into view.
It was a potion of mutation.
You feel extremely strange.
You feel stronger.
Your thoughts seem clearer.
You feel resistant to heat.
The orc wizard mumbles some strange words.
The orc wizard blinks!
The orc warrior hits you with a scimitar!
You die...

#.# #.# #.# #.# #o#
###.# . ##.#.######....
#....oo@..o..s.....#.#.
##.#.######%..........
#.#... #.......#.
#.##### #..[.....# #.#
#........# ####.#
#.#..8...8## #....#
#.#....8...#
#.##########.#........#
#..........#.#........#


You could see an orc warrior, a scorpion and 2 orc wizards.

Vanquished Creatures
  The ghost of TryAgain the Conjurer, an amateur DsCj (D:3)
  Duvessa (D:4)
  A phantom (D:7)
  Dowan (D:4)
  2 scorpions (D:5)
  A howler monkey (D:4)
  A centaur zombie (D:7)
  A gnoll shaman (D:5)
  2 hounds
  An orc wizard (D:5)
  A bullfrog skeleton (D:5)
  Jessica (D:2)
  2 worker ants
  A howler monkey zombie (D:5)
  4 gnolls
  6 adders
  An ooze (D:4)
  3 worms (D:2)
  A dart slug (D:1)
  3 leopard geckos
  11 orcs
  6 giant cockroaches
  6 goblins
  7 hobgoblins
  9 jackals
  2 quokkas
  A ball python (D:3)
  9 bats
  5 frilled lizards
  4 kobolds
  A leopard gecko skeleton (D:5)
  11 rats
107 creatures vanquished.

Notes
Turn   | Place    | Note
-------+----------+-------------------------------------------
     0 | D:1      | TryAgain the Demonspawn Ice Elementalist began the quest for the Orb.
     0 | D:1      | Reached XP level 1. HP: 13/13 MP: 3/3
   585 | D:1      | Gained mutation: You have sharp fingernails. [demonic ancestry]
   585 | D:1      | Reached XP level 2. HP: 10/19 MP: 0/5
  1292 | D:2      | Reached XP level 3. HP: 24/24 MP: 1/6
  1379 | D:2      | Noticed Jessica
  1389 | D:2      | Killed Jessica
  1389 | D:2      | Reached XP level 4. HP: 30/30 MP: 2/8
  1499 | D:2      | Found a deep blue altar of Sif Muna.
  1511 | D:2      | Became a worshipper of Sif Muna the Loreminder
  1545 | D:2      | Found a hazy altar of Hepliaklqana.
  1602 | D:2      | Noticed Sigmund
  1714 | D:3      | Noticed TryAgain's ghost (amateur DsCj)
  1724 | D:3      | Killed TryAgain's ghost
  1724 | D:3      | Reached XP level 5. HP: 20/35 MP: 3/10
  1724 | D:3      | Gained mutation: You regenerate a little health from kills. [demonic ancestry]
  1724 | D:3      | Reached XP level 6. HP: 24/41 MP: 3/11
  2435 | D:3      | Learned a level 4 spell: Summon Ice Beast
  2439 | D:3      | Learned a level 3 spell: Ozocubu's Armour
  2477 | D:4      | Noticed Dowan
  2558 | D:4      | Found a shadowy altar of Dithmenos.
  2700 | D:4      | Found Mazapred's Gadget Emporium.
  2715 | D:4      | Found an iron altar of Okawaru.
  2976 | D:4      | Found a shimmering altar of Xom.
  3008 | D:4      | Noticed Duvessa
  3019 | D:4      | Killed Duvessa
  3019 | D:4      | Reached * piety under Sif Muna
  3041 | D:5      | Entered Level 5 of the Dungeon
  3054 | D:5      | Noticed a sky beast
  3060 | D:5      | Reached XP level 7. HP: 12/46 MP: 13/13
  3291 | D:4      | Killed Dowan
  3338 | D:4      | Found a sparkling altar of Nemelex Xobeh.
  3381 | D:4      | Found a basalt altar of Yredelemnul.
  3387 | D:4      | Found a glowing golden altar of the Shining One.
  3389 | D:4      | Noticed an angel
  3475 | D:5      | Found Zin's Purification Station.
  3476 | D:5      | Found a glowing silver altar of Zin.
  3485 | D:5      | Reached skill level 5 in Ice Magic
  3555 | D:5      | Found a staircase to the Ecumenical Temple.
  3619 | Temple   | Entered the Ecumenical Temple
  3825 | D:5      | Reached skill level 5 in Spellcasting
  3833 | D:5      | Found a bloodstained altar of Trog.
  4079 | D:5      | You fall through a shaft for 2 floors!
  4180 | D:7      | Reached skill level 5 in Dodging
  4485 | D:7      | Gained mutation: You are partially covered in molten scales. (AC +2) [demonic ancestry]
  4485 | D:7      | Reached XP level 8. HP: 46/52 MP: 16/16
  4492 | D:7      | Gained mutation: Your muscles are strong. (Str +2) [potion of mutation]
  4492 | D:7      | Gained mutation: You possess an exceptional clarity of mind. [potion of mutation]
  4492 | D:7      | Gained mutation: Your flesh is heat resistant. (rF+) [potion of mutation]
  4492 | D:7      | Slain by an orc warrior

Skill      XL: |  1  2  3  4  5  6  7 |
---------------+----------------------+-----
Dodging        | 2 3 4 5 |  5.1
Ice Magic      | 3 4 5 |  5.4
Spellcasting   | 3 4 5 |  5.4
Stealth        | |  1.7
Conjurations   | |  1.0

Action                   |  1- 3 |  4- 6 |  7- 9 || total
-------------------------+-------+-------+-------++-------
Melee: Unarmed           |    13 |       |       ||    13
       Short sword       |    15 |       |       ||    15
       Spear             |    36 |    49 |    92 ||   177
 Cast: Freeze            |    37 |    91 |    61 ||   189
Evoke: Wand              |       |       |     3 ||     3
  Use: Scroll            |       |     3 |     7 ||    10
       Potion            |       |       |     8 ||     8
 Stab: Sleeping          |     6 |     6 |     1 ||    13
  Eat: Chunk             |     2 |     5 |     2 ||     9
       Meat ration       |       |       |     1 ||     1
Armor: Robe              |    30 |    15 |    28 ||    73
Dodge: Dodged            |    63 |    64 |   101 ||   228
